 Dungeon Crawl Stone Soup version 0.29-a0-821-g66395355a5 (webtiles) character file.

Game seed: 7827188288200561420

234 diecastcamel the Magician (level 6, -6/44 HPs)
             Began as a Gnoll Hedge Wizard on July 7, 2022.
             Mangled by Duvessa
             ... wielding a +0 short sword
              (12 damage)
             ... on level 4 of the Dungeon.
             The game lasted 00:31:40 (5283 turns).

diecastcamel the Magician (Gnoll Hedge Wizard)      Turns: 5283, Time: 00:31:41

Health: -6/44      AC:  8    Str:  9    XL:     6   Next: 5%
Magic:  3/16       EV: 13    Int: 15    God:
Gold:   50         SH:  0    Dex: 12    Spells: 8/19 levels left

rFire   . . .      SeeInvis .   n - +0 spear
rCold   . . .      Faith    .   (no shield)
rNeg    . . .      Spirit   .   b - +0 robe
rPois   .          Reflect  .   t - +0 helmet
rElec   .          Harm     .   (no cloak)
rCorr   .          Rampage  .   a - +0 pair of gloves
Will    .....                   (no boots)
Stlth   +++.......              l - amulet of the acrobat
HPRegen 0.14/turn               r - +4 ring of protection
MPRegen 0.15/turn               (no ring)

@: no status effects
A: fangs 1, strong nose, distributed training
a: no special abilities


You were on level 4 of the Dungeon.
You visited 1 branch of the dungeon, and saw 4 of its levels.

You collected 50 gold pieces.

Inventory:

Hand Weapons
 n - a +0 spear (weapon)
 p - a +4 mace of protection
 s - a +2 dagger of protection
Armour
 a - a +0 pair of gloves (worn)
 b - a +0 robe (worn)
 t - a +0 helmet (worn)
Jewellery
 l - an amulet of the acrobat (around neck)
 r - a +4 ring of protection (left hand)
Scrolls
 e - a scroll of noise
 f - a scroll of fear
 g - a scroll of magic mapping
 j - a scroll of brand weapon
 k - a scroll of immolation
Potions
 c - a potion of flight {unknown}
 d - a potion of magic
 h - a potion of degeneration {unknown}
 m - a potion of might {unknown}


   Skills:
 + Level 1.8 Fighting
 + Level 1.8 Short Blades
 + Level 1.8 Long Blades
 + Level 1.8 Axes
 + Level 1.8 Maces & Flails
 + Level 1.8 Polearms
 + Level 1.8 Staves
 + Level 1.8 Ranged Weapons
 + Level 1.8 Throwing
 + Level 1.8 Armour
 + Level 4.9 Dodging
 + Level 4.5 Stealth
 + Level 1.8 Shields
 + Level 1.8 Unarmed Combat
 + Level 7.4 Spellcasting
 + Level 2.6 Conjurations
 + Level 1.4 Hexes
 + Level 2.6 Summonings
 + Level 1.4 Necromancy
 + Level 2.6 Translocations
 + Level 1.4 Transmutations
 + Level 1.4 Fire Magic
 + Level 1.4 Ice Magic
 + Level 1.4 Air Magic
 + Level 1.4 Earth Magic
 + Level 1.4 Poison Magic
 + Level 2.0 Invocations
 + Level 1.8 Evocations


You had 8 spell levels left.
You knew the following spells:

 Your Spells              Type           Power      Damage    Failure   Level
a - Magic Dart            Conj           52%        1d5       4%          1
b - Blink                 Tloc           26%        N/A       7%          2
c - Call Imp              Summ           13%        N/A       7%          2
d - Conjure Flame         Conj/Fire      11%        6-21      17%         3
e - Mephitic Cloud        Conj/Pois/Air  11%        N/A       19%         3

Your spell library contained the following spells:

 Spells                   Type           Power      Damage    Failure   Level
 Slow                     Hex            36%        N/A       7%          1
 Dazzling Flash           Conj/Hex       22%        N/A       17%         3
 Iskenderun's Mystic Bla  Conj/Tloc      13%        2d5       41%         4
 Hailstorm                Conj/Ice       11%        3d5       50%         4
 Ice Form                 Ice/Tmut       9%         N/A       56%         4
 Simulacrum               Ice/Necr       4%         N/A       100%        6
 Starburst                Conj/Fire      5%         6d4       100%        6


Dungeon Overview and Level Annotations

Branches:
Dungeon (4/15)
 Temple: D:4-7

Altars:
Uskayaw

Annotations:
D:2 Sigmund, Terence
D:4 Duvessa


Innate Abilities, Weirdness & Mutations

You have very sharp teeth.
Your uncanny sense of smell can sniff out nearby items.
Your experience applies equally to all skills.


Message History

As you read the scroll of poison, it crumbles to dust.
Duvessa is engulfed in poison gas.
Duvessa is poisoned.
You barely miss Duvessa. Your punch misses Duvessa.
You bite Duvessa, but do no damage.
Duvessa is moderately wounded.
Duvessa misses you.
You hit Duvessa but do no damage.
Duvessa is moderately wounded.
Duvessa is engulfed in blazing flames.
Duvessa hits you with a +0 short sword!
* * * LOW HITPOINT WARNING * * *
Duvessa is engulfed in blazing flames.
Duvessa closely misses you.
Okay, then.
Unknown command.
Aiming: Magic Dart (safe; 4% risk of failure)
Press: ? - help, Q - select action, (/) - cycle Shift-Dir - straight line, f - Duvessa
Aim: Duvessa, wielding a +0 short sword, wearing a +1 chain mail of fire resistance and quivering stones (flame, heavily wounded, berserk, poisoned, 100% to hit)
The magic dart hits Duvessa but does no damage.
Duvessa is heavily wounded.
Duvessa is engulfed in blazing flames.
Duvessa closely misses you.
Aiming: Magic Dart (safe; 4% risk of failure)
Press: ? - help, Q - select action, (/) - cycle Shift-Dir - straight line, f/p - Duvessa
Aim: Duvessa, wielding a +0 short sword, wearing a +1 chain mail of fire resistance and quivering stones (flame, severely wounded, berserk, poisoned, 100% to hit)
The magic dart hits Duvessa but does no damage.
Duvessa is severely wounded.
Duvessa is engulfed in blazing flames.
Duvessa closely misses you.
Duvessa is engulfed in blazing flames.
Duvessa hits you with a +0 short sword.
* * * LOW HITPOINT WARNING * * *
Aiming: Magic Dart (safe; 4% risk of failure)
Press: ? - help, Q - select action, (/) - cycle Shift-Dir - straight line, f/p - Duvessa
Aim: Duvessa, wielding a +0 short sword, wearing a +1 chain mail of fire resistance and quivering stones (flame, severely wounded, berserk, poisoned, 100% to hit)
The magic dart hits Duvessa but does no damage.
Duvessa is severely wounded.
Duvessa is engulfed in blazing flames.
Duvessa hits you but does no damage.
Aiming: Magic Dart (safe; 4% risk of failure)
Press: ? - help, Q - select action, (/) - cycle Shift-Dir - straight line, f/p - Duvessa
Aim: Duvessa, wielding a +0 short sword, wearing a +1 chain mail of fire resistance and quivering stones (flame, almost dead, berserk, poisoned, 100% to hit)
The magic dart hits Duvessa but does no damage.
Duvessa is almost dead.
Duvessa is engulfed in blazing flames.
Duvessa hits you with a +0 short sword!
You die...

***,* ,,,,*
***,****** **,,,,,,,*
,,,,,.,,,*
*,,,,....#########
*,,,,.......†e)§§#
*,,,,....#######e#
,,,,,.,,,* #@#
**,,,,,,,* #§#
**,****** #§# *,* #§#
##+## ####§####
##...## #>.§§§..#
#.....## #.)☼§##.#
......<## ##..####.#
........####...####.#


You could see Duvessa (berserk, poisoned).

Vanquished Creatures
  Dowan (D:4)
  A hound (D:4)
  2 gnolls (D:3)
  2 adders (D:2)
  2 worms
  5 dart slugs
  5 ball pythons
  7 bats
  7 endoplasms
  4 giant cockroaches
  12 goblins
  9 hobgoblins
  A quokka (D:3)
  4 frilled lizards
  6 kobolds
  4 rats
72 creatures vanquished.

Vanquished Creatures (collateral kills)
  Robin (D:3)
  A gnoll (D:3)
  3 jackals (D:1)
  A rat (D:1)
6 creatures vanquished.

Grand Total: 78 creatures vanquished

Notes
Turn   | Place    | Note
-------+----------+-------------------------------------------
     0 | D:1      | diecastcamel the Gnoll Hedge Wizard began the quest for the
                  | Orb.
     0 | D:1      | Reached XP level 1. HP: 13/13 MP: 8/8
   161 | D:1      | Reached XP level 2. HP: 19/19 MP: 7/10
   164 | D:1      | Learned a level 2 spell: Blink
   167 | D:1      | Learned a level 2 spell: Call Imp
   692 | D:1      | Reached XP level 3. HP: 25/25 MP: 9/11
   696 | D:1      | Learned a level 3 spell: Conjure Flame
   700 | D:1      | Learned a level 3 spell: Mephitic Cloud
   979 | D:2      | Noticed Sigmund
  1131 | D:2      | Reached skill level 1 in Invocations
  1184 | D:2      | Found a hide-covered altar of Uskayaw.
  1411 | D:2      | Noticed Terence
  1420 | D:2      | Reached skill level 1 in Fighting
  1420 | D:2      | Reached skill level 1 in Short Blades
  1420 | D:2      | Reached skill level 1 in Long Blades
  1420 | D:2      | Reached skill level 1 in Axes
  1420 | D:2      | Reached skill level 1 in Maces & Flails
  1420 | D:2      | Reached skill level 1 in Polearms
  1420 | D:2      | Reached skill level 1 in Staves
  1420 | D:2      | Reached skill level 1 in Ranged Weapons
  1420 | D:2      | Reached skill level 1 in Throwing
  1420 | D:2      | Reached skill level 1 in Armour
  1420 | D:2      | Reached skill level 1 in Shields
  1420 | D:2      | Reached skill level 1 in Unarmed Combat
  1420 | D:2      | Reached skill level 1 in Evocations
  1905 | D:2      | Reached XP level 4. HP: 29/32 MP: 11/13
  2540 | D:3      | Reached skill level 1 in Hexes
  2540 | D:3      | Reached skill level 1 in Necromancy
  2540 | D:3      | Reached skill level 1 in Transmutations
  2540 | D:3      | Reached skill level 1 in Fire Magic
  2540 | D:3      | Reached skill level 1 in Ice Magic
  2540 | D:3      | Reached skill level 1 in Air Magic
  2540 | D:3      | Reached skill level 1 in Earth Magic
  2540 | D:3      | Reached skill level 1 in Poison Magic
  2813 | D:3      | Noticed Robin
  3148 | D:3      | Reached XP level 5. HP: 24/37 MP: 5/14
  4102 | D:3      | Killed Robin
  4834 | D:4      | Noticed Dowan
  4968 | D:4      | Noticed Duvessa
  5263 | D:4      | Killed Dowan
  5264 | D:4      | Reached XP level 6. HP: 34/44 MP: 13/16
  5283 | D:4      | Mangled by Duvessa

Illustrated notes

Levels and vault maps discovered:
D:1:      amcnicky_arrival_feature_with_door, layout_basic
D:2:      minmay_evil_eye, layout_basic, basic_altar, uniq_terence, uniq_sigmund
D:3:      layout_loops_corners, uniq_robin
D:4:      layout_loops_corners, nicolae_overflow_hallway_of_the_gods,
          minmay_ruptured, uniq_ijyb, uniq_duvessa

Skill      XL: |  1  2  3  4  5 |
---------------+----------------+-----
Conjurations   | 2 |  2.6
Summonings     | 2 |  2.6
Translocations | 2 |  2.6
Invocations    | 1 2 |  2.0
Fighting       | 1 |  1.8
Short Blades   | 1 |  1.8
Long Blades    | 1 |  1.8
Axes           | 1 |  1.8
Maces & Flails | 1 |  1.8
Polearms       | 1 |  1.8
Staves         | 1 |  1.8
Ranged Weapons | 1 |  1.8
Throwing       | 1 |  1.8
Armour         | 1 |  1.8
Shields        | 1 |  1.8
Unarmed Combat | 1 |  1.8
Evocations     | 1 |  1.8
Hexes          | 1 |  1.4
Necromancy     | 1 |  1.4
Transmutations | 1 |  1.4
Fire Magic     | 1 |  1.4
Ice Magic      | 1 |  1.4
Air Magic      | 1 |  1.4
Earth Magic    | 1 |  1.4
Poison Magic   | 1 |  1.4
Dodging        | |  4.9
Stealth        | |  4.5
Spellcasting   | |  7.4

Action                   |  1- 3 |  4- 6 || total
-------------------------+-------+-------++-------
Melee: Dagger            |    16 |    19 ||    35
       Bite              |     2 |    17 ||    19
       Spear             |       |    88 ||    88
       Punch             |       |     2 ||     2
       Mace              |       |    34 ||    34
 Cast: Magic Dart        |    76 |    95 ||   171
       Call Imp          |     4 |    15 ||    19
       Conjure Flame     |       |    10 ||    10
       Blink             |       |     1 ||     1
  Use: Scroll            |       |     7 ||     7
       Potion            |       |     1 ||     1
Armor: Robe              |     2 |    44 ||    46
Dodge: Dodged            |    14 |   107 ||   121

Table legend: (Time is in decaauts)
 A = Elapsed time spent in this place.
 B = Non-inter-level travel time spent in this place.
 C = Inter-level travel time spent in this place.
 D = Time resting spent in this place.
 E = Time spent auto-exploring this place.
 F = Levels seen in this place.
 G = Mean time per level.
                   A        B        C        D        E       F      G
               +--------+--------+--------+--------+--------+-----+--------+
         Total |   5302 |   4754 |    548 |   1543 |   1934 |   4 | 1325.5 |
       Dungeon |   5302 |   4754 |    548 |   1543 |   1934 |   4 | 1325.5 |
               +--------+--------+--------+--------+--------+-----+--------+

Top non-repeatable levels by time:
     D:3: 2330 daAuts
     D:1: 1318 daAuts
     D:2: 1204 daAuts
     D:4: 448 daAuts
